 Dungeon Crawl Stone Soup version 0.31.0-11-ge490571c62 (webtiles) character file.

Game seed: 15493776679723939895

190 hawla the Shield-Bearer (level 5, 0/46 HPs)
             Began as a Minotaur Fighter on Feb 5, 2024.
             Slain by an orc
             ... wielding a +0 mace
              (8 damage)
             ... on level 3 of the Dungeon.
             The game lasted 00:05:20 (2209 turns).

hawla the Shield-Bearer (Minotaur Fighter)          Turns: 2209, Time: 00:05:20

Health: 0/46       AC:  2    Str: 23    XL:     5   Next: 41%
Magic:  1/4        EV: 12    Int:  5    God:
Gold:   138        SH:  4    Dex:  9    Spells: 4/4 levels left

rFire   . . .        a - +1 war axe
rCold   . . .        c - +0 buckler
rNeg    . . .        g - +0 toga "Victory" {*Victory Clar}
rPois   .            (helmet restricted)
rElec   .            (no cloak)
rCorr   .            (no gloves)
SInv    .            (no boots)
Will    .....        (no amulet)
Stlth   +            (no ring)
HPRegen 0.27/turn    (no ring)
MPRegen 0.09/turn

%: clarity
@: no status effects
A: horns 2, retaliatory headbutt
a: no special abilities


You were on level 3 of the Dungeon.
You visited 1 branch of the dungeon, and saw 3 of its levels.

You collected 138 gold pieces.

Inventory:

Hand Weapons
 a - a +1 war axe (weapon)
Missiles
 i - 2 darts of dispersal (quivered)
 j - 4 poisoned darts
 n - 3 boomerangs
Armour
 b - a +1 scale mail
 c - a +0 buckler (worn)
 g - the +0 toga "Victory" (worn) {*Victory Clar}
   (You found it on level 3 of the Dungeon)

   *Victory:  When the wearer kills a threatening monster, it has a chance to
   gain +1 AC, +1 Slay, and +1 Int, capping at +7.
   When the wearer uses a scroll or a potion with a hostile monster in sight,
   its bonuses reset to +0.
   Unequipping it also resets its bonuses to +0.
   Clar:      It protects you from confusion, rage, mesmerisation and fear.
Jewellery
 k - a ring of resist corrosion
 q - an amulet of faith
Scrolls
 h - a scroll of teleportation
 o - a scroll of blinking {unknown}
 p - a scroll of identify
 r - 2 scrolls of vulnerability {unknown}
Potions
 d - a potion of might
 e - 3 potions of heal wounds {unknown}
 f - 2 potions of curing
 l - 2 potions of haste {unknown}
 m - a potion of brilliance {unknown}


   Skills:
 - Level 3.9 Fighting
 - Level 2.8 Axes
 - Level 4.0 Armour
 + Level 4.1 Dodging
 - Level 5.0 Shields


You had 4 spell levels left.
You didn't know any spells.
Your spell library was empty.

Dungeon Overview and Level Annotations

Branches:
Dungeon (3/15)

Altars:
Okawaru


Innate Abilities, Weirdness & Mutations

You have a pair of horns on your head.
You reflexively headbutt those who attack you in melee.


Message History

You hear some strange, mumbled words.
Something tries to affect you, but you resist.
You slash something! Something hits you but does no damage.
You barely miss something. Your headbutt misses something.
You block something's attack.
You closely miss something. Something hits you but does no damage.
Something hits you.
You miss something. Your headbutt misses something.
You hear some strange, mumbled words.
A puff of flame appears from out of thin air!
The puff of flame misses you.
You hit something but do no damage. You block something's attack.
You miss something. Something hits you. Something hits you but does no damage.
You barely miss something. Something barely misses you.
You miss something. Something hits you but does no damage. Something hits you.
You barely miss something.
You hear some strange, mumbled words.
Something tries to affect you, but you resist.
You hit something.
Reactivating autopickup.
You feel a bit more experienced.
Your Dodging skill increases to level 4!
You hit the orc. Your headbutt misses the orc.
The orc is lightly wounded.
The orc closely misses you.
The orc hits you with a +2 antimagic mace.
* * * LOW HITPOINT WARNING * * *
You feel your power leaking away.
Okay, then.
You hit the orc. Your headbutt misses the orc.
The orc is heavily wounded.
You block the orc's attack.
You barely miss the orc. You headbutt the orc.
You kill the orc!
You closely miss the orc. The orc hits you with a +0 mace.
* * * LOW HITPOINT WARNING * * *
You block the orc's attack.
You barely miss the orc. The orc hits you but does no damage.
You barely miss the orc. The orc hits you with a +0 mace!
You die...

#####
....##############
###..............####
..#....###..........#
⌠.+..........###@##.#
..#...#....#.# #o#
###.#...####.# #.#
....#..## #.# #.#
.......# ##.# #.#
..###......... ..#
..# ########.# ###
.... ..####.####
..#.. .....<...#
#########


You could see an orc.

Vanquished Creatures
  An orc priest (D:3)
  2 orc wizards (D:3)
  3 adders
  4 ribbon worms
  5 orcs (D:3)
  5 endoplasms
  5 giant cockroaches
  4 hobgoblins
  6 jackals
  6 kobolds
  2 quokkas
  5 ball pythons
  3 bats
  3 frilled lizards (D:1)
  9 goblins
  5 rats
68 creatures vanquished.

Notes
Turn   | Place    | Note
-------+----------+-------------------------------------------
     0 | D:1      | hawla the Minotaur Fighter began the quest for the Orb.
     0 | D:1      | Reached XP level 1. HP: 19/19 MP: 0/0
   238 | D:1      | Reached XP level 2. HP: 27/27 MP: 1/1
   618 | D:1      | Reached skill level 1 in Dodging
   920 | D:2      | Reached skill level 4 in Shields
   956 | D:2      | Reached XP level 3. HP: 33/33 MP: 2/2
  1685 | D:3      | Reached skill level 5 in Shields
  1685 | D:3      | Reached XP level 4. HP: 40/40 MP: 3/3
  1687 | D:3      | Found the +0 toga "Victory" {*Victory Clar}
  1961 | D:3      | Found an iron altar of Okawaru.
  2175 | D:3      | Reached XP level 5. HP: 46/46 MP: 4/4
  2209 | D:3      | Slain by an orc

Illustrated notes

Levels and vault maps discovered:
D:1:      psy_arrival_radial02, layout_basic, patterned_corridor
D:2:      layout_rooms, serial_co_window_serial, co_window_of_opportunity_a,
          co_window_paths_a, co_window_of_opportunity_a, co_window_paths_b,
          co_window_of_opportunity_a, co_window_paths_b, co_window_corner_a,
          co_window_broadway_b, co_window_2corner, co_window_unsneaky_path_e,
          co_window_unsneaky_path_e, glass_columns_a, glass_columns_a,
          glass_columns_a, glass_columns_a, glass_columns_b
D:3:      layout_loops_ring, kennysheep_okawaru_gauntlet, serial_glass,
          glass_columns_a, glass_columns_a, minmay_strange_pillars,
          minmay_misc_feat_room

Skill      XL: |  1  2  3  4  5 |
---------------+----------------+-----
Dodging        | 1 3 4 |  4.1
Armour         | 4 |  4.0
Shields        | 4 5 |  5.0
Fighting       | |  3.9
Axes           | |  2.8

Action                     |  1- 3 |  4- 6 || total
---------------------------+-------+-------++-------
  Melee: War axe           |    95 |    64 ||   159
         Headbutt          |     7 |     4 ||    11
  Throw: Boomerang         |       |     8 ||     8
    Use: Scroll            |     5 |     1 ||     6
 Armour: Scale mail        |    71 |       ||    71
         Robe              |       |    30 ||    30
  Dodge: Dodged            |    49 |    26 ||    75
  Block: Buckler           |    13 |    14 ||    27
